 Dungeon Crawl Stone Soup version 0.19.5 (webtiles) character file.

274 tof the Skirmisher (level 6, -1/48 HPs)
             Began as a Demonspawn Fighter on Mar 2, 2017.
             Slain by Sigmund
             ... wielding a +0 scythe
              (13 damage)
             ... on level 4 of the Dungeon.
             The game lasted 00:06:34 (3333 turns).

tof the Skirmisher (Demonspawn Fighter)             Turns: 3333, Time: 00:06:35

Health: -1/48      AC:  7    Str: 16    XL:     6   Next: 3%
Magic:  6/6        EV:  7    Int: 10    God:
Gold:   165        SH:  9    Dex: 14    Spells: 0 memorised, 5 levels left

rFire  + . .     SeeInvis .     a - +0 trident
rCold  . . .     Gourm    .     b - +0 scale mail
rNeg   . . .     Faith    .     c - +0 shield
rPois  .         Spirit   .     (helmet restricted)
rElec  .         Reflect  .     (no cloak)
rCorr  .         Harm     .     (no gloves)
MR     .....                    (no boots)
Stlth  ..........               (no amulet)
                                (no ring)
                                m - ring of protection from fire

@: no status effects
A: antennae 1, claws 1, talons 1, demonic guardian 1, rot immunity
a: no special abilities


You were on level 4 of the Dungeon.
You were not hungry.

You visited 1 branch of the dungeon, and saw 4 of its levels.

You collected 165 gold pieces.

Inventory:

Hand Weapons
 a - a +0 trident (weapon)
Armour
 b - a +0 scale mail (worn)
 c - a +0 shield (worn)
Jewellery
 m - a ring of protection from fire (left claw)
Wands
 o - a wand of digging (8/24)
Scrolls
 e - 6 scrolls of identify {unknown}
 g - 3 scrolls of amnesia {unknown}
 k - a scroll of magic mapping {unknown}
 l - 2 scrolls of enchant armour {unknown}
 n - a scroll of fear {unknown}
 p - 2 scrolls of random uselessness {unknown}
 q - a scroll of noise {unknown}
 s - 2 scrolls of enchant weapon {unknown}
 v - 2 scrolls of remove curse {unknown}
 w - a scroll of immolation {unknown}
Potions
 d - 2 potions of might
 j - a potion of lignification {unknown}
 r - a potion of magic {unknown}
 t - a potion of brilliance {unknown}
Comestibles
 f - 2 bread rations
 h - 3 meat rations
 i - 2 beef jerkies
 u - 6 chunks of flesh


   Skills:
 * Level 4.3 Fighting
 * Level 3.5 Polearms
 * Level 3.9 Armour
 + Level 3.4 Shields


You had 5 spell levels left.
You didn't know any spells.

Dungeon Overview and Level Annotations

Branches:
Dungeon (4/15)
 Temple: D:4-7

Altars:

Annotations:
D:4 Sigmund


Innate Abilities, Weirdness & Mutations

You have a pair of small antennae on your head.
You have sharp fingernails.
You have sharp toenails.
A weak demonic guardian rushes to your aid.
You are immune to rotting.


Message History

You closely miss something. Something hits you.
You miss something. Your kick misses something. You puncture something!
You claw something.
You hear some strange, mumbled words.
A puff of flame appears from out of thin air!
The puff of flame hits you! You resist.
You hear some strange, mumbled words.
A magic dart appears from out of thin air!
The magic dart hits you!
You hit something. Your kick misses something.
Something hits you but does no damage.
You closely miss something. Something hits you!
You completely miss something. Your kick misses something. You hit something.
You claw something. Something hits you!
* * * LOW HITPOINT WARNING * * *
You barely miss something. You hit something. You claw something.
Something hits you.
* * * LOW HITPOINT WARNING * * *
You hit something. Something hits you!
You die...

#.....# #.....#
######### #.....#
#.......# #.....#
#.......# #..)..#
#.......#####.....#
#....!..#...#.....#####
#.......#...).[...#...##
#.....{@'...#.....#....#
#.<.....#...#.....#....#
#.......#...#.....#....#
#<......###+#.....#.<.##
.....#'###.....#'##[[.##
.....#. #.....#.......#
.... '. #.....#.......#
.... #. #.....#.......#
#.....#.......#


There were no monsters in sight!

Vanquished Creatures
  An ogre (D:4)
  An orc priest (D:4)
  An orc wizard (D:4)
  Natasha (twice) (D:2 D:4)
  An adder (D:2)
  An ooze (D:1)
  2 worms
  2 dart slugs
  A leopard gecko (D:3)
  4 orcs (D:3)
  3 ball pythons
  10 bats
  6 goblins
  6 hobgoblins
  A quokka (D:3)
  4 frilled lizards
  7 kobolds
  12 rats
65 creatures vanquished.

Notes
Turn   | Place    | Note
-------+----------+-------------------------------------------
     0 | D:1      | tof the Demonspawn Fighter began the quest for the Orb.
     0 | D:1      | Reached XP level 1. HP: 18/18 MP: 1/1
   187 | D:1      | Gained mutation: You have a pair of small antennae on your head. [demonic ancestry]
   187 | D:1      | Reached XP level 2. HP: 20/24 MP: 2/2
  1101 | D:2      | Noticed Natasha
  1103 | D:2      | Noticed a crimson imp
  1105 | D:2      | Noticed a crimson imp
  1110 | D:1      | Gained mutation: You are immune to rotting. [demonic ancestry]
  1110 | D:1      | Reached XP level 3. HP: 29/29 MP: 3/3
  1238 | D:2      | Killed Natasha
  1558 | D:2      | Gained mutation: You have sharp toenails. [demonic ancestry]
  1558 | D:2      | Reached XP level 4. HP: 25/35 MP: 4/4
  2733 | D:4      | Gained mutation: You have sharp fingernails. [demonic ancestry]
  2733 | D:4      | Reached XP level 5. HP: 30/42 MP: 5/5
  2832 | D:4      | Noticed Natasha
  3020 | D:4      | Killed Natasha
  3020 | D:4      | Reached skill level 4 in Fighting
  3124 | D:4      | Noticed an ogre
  3130 | D:4      | Killed an ogre
  3130 | D:4      | Gained mutation: A weak demonic guardian rushes to your aid. [demonic ancestry]
  3130 | D:4      | Reached XP level 6. HP: 19/48 MP: 6/6
  3310 | D:4      | Noticed Sigmund
  3333 | D:4      | Slain by Sigmund

Skill      XL: |  1  2  3  4  5 |
---------------+----------------+-----
Polearms       | 2 3 |  3.5
Shields        | 3 |  3.4
Armour         | 3 |  3.9
Fighting       | 4 |  4.3

Action                   |  1- 3 |  4- 6 || total
-------------------------+-------+-------++-------
Melee: Trident           |   137 |   143 ||   280
       Kick              |       |    34 ||    34
  Eat: Chunk             |     2 |     6 ||     8
Armor: Scale mail        |    47 |    47 ||    94
Dodge: Dodged            |    34 |    26 ||    60
Block: Shield            |    56 |    59 ||   115
